 Dungeon Crawl Stone Soup version 0.19.0-2-gae57169 (webtiles) character file.

562432 mopl the Severer (level 26, -2/215 HPs)
             Began as a Hill Orc Berserker on Nov 5, 2016.
             Was a High Priest of Trog.
             Killed from afar by an orb of fire (38 damage)
             ... with a bolt of fire
             ... on level 5 of the Realm of Zot on Nov 6, 2016.
             The game lasted 02:42:40 (42436 turns).

mopl the Severer (Hill Orc Berserker)              Turns: 42436, Time: 02:42:40

Health: -2/215     AC: 43    Str: 30    XL:     26   Next: 68%
Magic:  2/11       EV: 17    Int: 10    God:    Trog [*****.]
Gold:   5008       SH:  0    Dex: 16    Spells: 0 memorised, 25 levels left

rFire  + . .     SeeInvis +     b - +9 executioner's axe (antimagic)
rCold  + + +     Gourm    .     v - +9 gold dragon scales
rNeg   + . .     Faith    +     (shield currently unavailable)
rPois  +         Spirit   .     M - +1 helmet {SInv}
rElec  .         Reflect  .     F - +1 cloak {MR+}
rCorr  .         Harm     .     j - +0 pair of gloves
MR     ++++.                    z - +2 pair of boots {run}
Stlth  ..........               S - amulet "Dienycol" {Faith *Drain rC+ Int+3}
                                m - +4 ring of slaying
                                B - ring "Maunuxod" {*Drain rC++ rN+ Str+6, =R}

@: exhausted, regenerating, slowed, drained, very slow
A: blurry vision 1, frail 1, screaming 1, weak 1, no device heal 1, MP-powered
wands
a: Berserk, Trog's Hand, Brothers in Arms, Burn Spellbooks, Renounce Religion
}: 3/15 runes: decaying, serpentine, silver


You were on level 5 of the Realm of Zot.
You worshipped Trog.
Trog was extremely pleased with you.
You were not hungry.

You visited 10 branches of the dungeon, and saw 50 of its levels.
You visited the Abyss 1 time.
You also visited: Ice Cave and Volcano.

You collected 5986 gold pieces.
You spent 978 gold pieces at shops.

Inventory:

Hand Weapons
 a - the +11 broad axe of Trog's No More Talking {elec, rC+ Int+2}
   (Trog gifted it to you on level 5 of the Realm of Zot)

   Occasionally, upon striking a foe, it will discharge some electrical energy
   and cause terrible harm.
   It affects your intelligence (+2).
   It protects you from cold.
 b - a +9 antimagic executioner's axe (weapon)
 f - a +9 blowgun
 N - a +7 battleaxe of flaming
 Y - a +3 executioner's axe of flaming
Missiles
 t - 47 tomahawks
 w - 3 needles of paralysis
 y - 15 javelins (quivered)
 D - 35 needles of confusion
 J - 21 curare-tipped needles
 R - 20 tomahawks of dispersal
Armour
 j - a +0 pair of gloves (worn)
 v - +9 gold dragon scales (worn)
 z - a +2 pair of boots of running (worn)
 F - a +1 cloak of magic resistance (worn)
 M - a +1 helmet of see invisible (worn)
Jewellery
 m - a +4 ring of slaying (right hand)
 o - an uncursed ring of flight
 q - an uncursed ring of protection from fire
 x - an uncursed ring of resist corrosion
 B - the ring "Maunuxod" (left hand) {*Drain rC++ rN+ Str+6, =R}
   (You found it on level 6 of the Lair of Beasts)

   [ring of strength]

   It affects your strength (+6).
   It greatly protects you from cold.
   It protects you from negative energy.
   It causes draining when unequipped.
 S - the amulet "Dienycol" (around neck) {Faith *Drain rC+ Int+3}
   (You found it on level 8 of the Dungeon)

   [amulet of faith]

   It allows you to gain divine favour quickly.
   It affects your intelligence (+3).
   It protects you from cold.
   It causes draining when unequipped.
Wands
 e - a wand of disintegration (12/24)
 g - a wand of acid (8/15)
 r - a wand of heal wounds (6/9)
 C - a wand of iceblast (8/15)
 G - a wand of paralysis (14/24)
 O - a wand of digging (12/24)
Scrolls
 d - 16 scrolls of remove curse
 A - a scroll of fear
 I - 5 scrolls of fog
 K - 10 scrolls of teleportation
 P - 6 scrolls of recharging
 V - 3 scrolls of blinking
 W - 2 scrolls of summoning
 X - 3 scrolls of silence {!r}
 Z - 5 scrolls of vulnerability
Potions
 h - 3 potions of invisibility
 i - 16 potions of curing
 k - a potion of haste
 l - 4 potions of agility
 p - a potion of cure mutation {!q}
 s - 3 potions of might
 E - 3 potions of ambrosia
 H - a potion of resistance
 L - 11 potions of heal wounds
 Q - 4 potions of cancellation
Miscellaneous
 n - a sack of spiders
 u - a fan of gales
 T - a phial of floods
 U - a lamp of fire
Comestibles
 c - 26 bread rations


   Skills:
 - Level 20.0(19.8) Fighting
 - Level 20.7(20.5) Axes
 + Level 18.3(18.1) Throwing
 - Level 20.0(19.8) Armour
 + Level 16.9(16.7) Dodging
 + Level 7.6(7.4) Stealth
   Level 1.9(1.8) Shields
 + Level 16.5(16.3) Evocations


You had 25 spell levels left.
You didn't know any spells.

Dungeon Overview and Level Annotations

Branches:
Dungeon (15/15)            Temple (1/1) D:4            Lair (6/6) D:10
  Swamp (4/4) Lair:3        Snake (4/4) Lair:3        Slime (0/5) Lair:6
    Orc (2/2) D:11            Elf (3/3) Orc:2        Vaults (5/5) D:14
 Depths (5/5) D:15            Zot (5/5) Depths:5
  Crypt: Vaults:2-3

Altars:
Ashenzari
Cheibriados
Elyvilon
Fedhas
Makhleb
Okawaru
Qazlal
Xom
Yredelemnul
The Shining One
Beogh

Shops:
D:4 %   Orc:2 :[}?   Elf:3 *

Portals:
Hell: Depths:1 Depths:2 Depths:3 Depths:4
Pandemonium: Depths:2
Ziggurat: Depths:2
Trove: Elf:3 (give 2 scrolls of acquirement)

Annotations:
D:6 1 runed door


Innate Abilities, Weirdness & Mutations

Scrolls take you a little longer to read.
You are frail. (-10% HP)
You occasionally shout uncontrollably at your foes.
You are weak. (Str -2)
Potions and wands are less effective at restoring your health.
You expend magic power (3 MP) to strengthen your wands.


Message History

The orb of fire is almost destroyed.
You closely miss the orb of fire.
The orb of fire is almost destroyed.
The orb of fire falters for a moment. x2
You barely miss the orb of fire.
The orb of fire is almost destroyed.
You are no longer berserk.
You are exhausted.
You feel yourself slow down.
The orb of fire emits a lurid red light.
The bolt of fire misses you.
You closely miss the orb of fire.
The orb of fire is almost destroyed.
The orb of fire glows yellow.
The fireball explodes!
The fireball engulfs you! You resist.
* * * LOW HITPOINT WARNING * * *
The fireball engulfs the orb of fire.
The orb of fire completely resists.
The orb of fire glows bright magenta.
The bolt of fire hits you! You resist.
You die...

...#####.####....###....##....#.(
#.## #.........'.'....##....#..
...# #####.....###....##....###
#.## #<###....# #....##.....).
...# ####'###....# #.#####.######
...# #...........###.#####.#.....
...# #.....)..##.##..............
#### #........###*###.######.####
#........##@#...........#
#........#####.#.#####..####
#..............#..).d.))....
*****#########▓▓▓▓########*######
,,,,,,,,,,,,,** #..............
,,,,,,,,,,,,,,** ##........d....
,,,,,,,,,,,,,,,** #.............
,,,,,,,,,,,,,,,,* ##...........#
,,,,,,,,,,,,,,,,* #...........#


You could see an orb of fire.

Vanquished Creatures
  5 ancient liches
  6 orbs of fire
  Mennas (Depths:3)
  the Lernaean hydra (Swamp:4)
  10 golden dragons
  A Killer Klown (Zot:5)
  3 liches
  Jorgrun (Swamp:4)
  3 electric golems (Zot:5)
  7 tentacled monstrosities
  12 Orb Guardians
  4 deep elf blademasters (Elf:3)
  Asterion (Snake:1)
  3 quicksilver dragons
  7 titans
  2 sphinxes (Vaults:5)
  Frances (D:14)
  3 tengu reavers
  10 shadow dragons
  2 death cobs
  3 nagarajas (Snake:4)
  Donald (Swamp:1)
  2 draconian monks (Depths:5)
  10 storm dragons
  A thorn hunter (Swamp:1)
  4 ghost moths
  9 fire giants
  10 deep elf sorcerers
  An orc warlord (Orc:1)
  An iron dragon (Vaults:5)
  9 frost giants
  5 deep elf elementalists
  2 draconian zealots
  A cacodemon (Depths:2)
  10 vault wardens
  A balrug (Depths:4)
  2 draconian annihilators (Depths:5)
  A spriggan defender (Depths:4)
  4 ironheart preservers
  18 stone giants
  24 very ugly things
  4 green draconians (Depths:5)
  2 mottled draconians
  5 deep elf demonologists (Elf:3)
  A vampire knight (Depths:4)
  2 dire elephants
  8 black draconians
  6 red draconians
  3 white draconians
  A yellow draconian (Zot:5)
  8 ettins
  9 deep elf annihilators
  A spark wasp (Depths:1)
  2 purple draconians
  Snorg (D:11)
  8 fire dragons
  7 yaktaur captains
  3 deep elf death magi
  Josephine (D:12)
  The ghost of xeno23 the Arsonist, a journeyman DEFE of Vehumet (Volcano)
  3 great orbs of eyes
  32 vault guards
  5 deep elf high priests
  Fannar (D:11)
  A minotaur (Depths:1)
  10 ogre magi
  22 hydras
  3 rakshasas (Depths:1)
  7 ice dragons
  2 spriggan air magi (Depths:3)
  13 naga warriors
  5 centaur warriors
  A ghost crab (Swamp:4)
  Erica (Lair:2)
  6 anacondas
  A death knight (D:14)
  11 dancing weapons
  A merfolk avatar (Lair:6)
  4 tengu warriors
  5 spriggan berserkers
  A hell hog (Volcano)
  3 vampire magi
  8 orc high priests
  5 deep troll earth magi
  5 alligators
  4 deep troll shamans
  4 shock serpents
  Urug (D:13)
  9 naga sharpshooters
  5 spriggans
  13 deep elf knights
  A sun demon (Abyss:4)
  A shadow wraith (Abyss:4)
  A soul eater (Depths:2)
  2 salamander mystics (Depths:1)
  A death drake (Depths:5)
  A skeletal warrior (Depths:1)
  7 iron trolls
  A titan skeleton (Vaults:5)
  13 hell knights
  2 shambling mangroves
  3 flayed ghosts
  23 deep trolls
  A torturous demonspawn (Depths:2)
  3 naga ritualists (Snake:4)
  8 swamp dragons
  4 glowing orange brains
  9 orc knights
  6 lindwurms (Depths:5)
  2 wizards
  28 deep elf magi
  11 deep elf archers
  9 hill giants
  3 phantasmal warriors
  8 necromancers
  8 ironbrand convokers
  A harpy (Depths:1)
  The ghost of Inkary the Cleaver, a novice MiFi of Qazlal (D:6)
  A cyclops (shapeshifter) (Vaults:5)
  23 ugly things
  A wolf spider (Vaults:4)
  6 orc sorcerers
  7 mana vipers
  A stone giant zombie (Vaults:5)
  5 cyclopes
  2 manticores
  An elephant (shapeshifter) (Depths:1)
  22 moths of wrath
  A manticore (shapeshifter) (Elf:1)
  5 salamanders
  4 ice statues (IceCv)
  A torpor snail (shapeshifter) (Vaults:5)
  2 guardian serpents (shapeshifter)
  12 elephants
  7 vault sentinels
  21 black mambas
  4 guardian serpents
  27 naga magi
  A torpor snail (Lair:5)
  2 molten gargoyles (Volcano)
  21 spiny frogs
  An orange demon (Depths:2)
  30 yaktaurs
  2 gargoyles
  A hellion (Depths:1)
  A rime drake (shapeshifter) (Depths:2)
  5 rime drakes
  3 efreet
  9 komodo dragons
  4 kobold demonologists (D:15)
  A yaktaur (shapeshifter) (Depths:4)
  2 small abominations
  2 freezing wraiths
  A troll (shapeshifter) (Depths:3)
  7 ice devils (IceCv)
  5 red devils
  4 tengu conjurers (Depths:3)
  4 wind drakes
  A yaktaur skeleton (Vaults:5)
  6 hellwings (Depths:4)
  A meliai (shapeshifter) (D:14)
  7 trolls
  20 two-headed ogres
  3 polar bears (Lair:6)
  16 hornets
  29 slime creatures
  2 tyrant leeches
  Prince Ribbit (D:8)
  4 bog bodies
  18 blink frogs
  A snapping turtle (shapeshifter) (Vaults:5)
  6 hippogriffs
  A stone giant simulacrum (Vaults:5)
  An ettin skeleton (Vaults:4)
  Sigmund (D:5)
  2 tarantellas (shapeshifter)
  10 air elementals
  A ynoxinul (Depths:2)
  4 water elementals
  2 shadows (D:15)
  4 wyverns
  13 fire bats
  22 yaks
  A hog (shapeshifter) (D:14)
  A vampire (D:9)
  6 basilisks
  6 wraiths
  3 hungry ghosts
  A fire elemental (Elf:1)
  2 steam dragons
  12 vampire mosquitoes
  6 wargs
  Menkaure (D:5)
  41 nagas
  4 insubstantial wisps (Swamp:3)
  13 swamp worms
  13 water moccasins
  A swamp worm (shapeshifter) (Vaults:5)
  5 porcupines
  A deep troll skeleton (Vaults:5)
  6 hell hounds
  18 swamp drakes
  31 orc warriors
  11 ice beasts
  3 sky beasts
  A tengu (shapeshifter) (D:14)
  4 necrophages
  43 ogres
  3 phantoms
  5 boggarts
  11 centaurs
  An ogre (shapeshifter) (Vaults:5)
  13 crocodiles
  A crocodile (shapeshifter) (Vaults:4)
  A human zombie (Vaults:4)
  7 big kobolds
  A big kobold (shapeshifter) (Depths:1)
  16 bullfrogs
  A gnoll sergeant (D:9)
  3 earth elementals
  A deep troll simulacrum (Vaults:4)
  2 water moccasin zombies
  5 scorpions
  A water moccasin skeleton (D:9)
  2 electric eels
  11 wights
  11 crimson imps
  4 centaur zombies
  6 lava snakes
  A bullfrog zombie (D:5)
  4 hounds
  A quasit (Depths:2)
  4 draconian simulacra (IceCv)
  A centaur skeleton (D:6)
  16 orc priests
  2 bullfrog skeletons
  4 jellies
  31 orc wizards
  3 iguanas
  2 iron imps (Depths:2)
  11 worker ants
  A troll simulacrum (IceCv)
  2 killer bee zombies
  2 centaur simulacra (IceCv)
  A howler monkey zombie (D:6)
  5 gnolls
  2 naga simulacra (IceCv)
  19 adders
  An ogre simulacrum (IceCv)
  6 shadow imps
  2 white imps (Depths:2)
  2 oozes (Lair:6)
  An adder zombie (D:7)
  3 adder skeletons
  3 worms (D:3)
  6 dart slugs
  2 leopard geckos
  75 orcs
  9 bats
  2 giant cockroaches (D:4)
  9 goblins
  6 hobgoblins
  4 jackals (D:10)
  16 kobolds
  A quokka (D:8)
  4 frilled lizards
  A jackal zombie (D:5)
  A leopard gecko skeleton (D:6)
  A quokka skeleton (D:7)
  7 rats
  2 fire vortices (D:8)
  2 fungi
  7 plants
1685 creatures vanquished.

Vanquished Creatures (collateral kills)
  An ancient lich (Zot:5)
  A golden dragon (Vaults:5)
  A tentacled monstrosity (Zot:5)
  The ghost of Monsterracer the Slayer, an adept MiBe of Trog (Snake:4)
  Rupert (Lair:6)
  A war gargoyle (Vaults:5)
  4 death yaks (Lair:6)
  A swamp dragon (Swamp:1)
  A cyclops (D:11)
  A komodo dragon (Swamp:1)
  A tyrant leech (Swamp:1)
  A bog body (Swamp:1)
  5 yaks (Lair:6)
20 creatures vanquished.

Vanquished Creatures (others)
  A shadow dragon (Depths:4)
  An ironheart preserver (Vaults:4)
  A deep elf mage (Elf:1)
  A yaktaur (Vaults:5)
  A spriggan (Swamp:1)
  An orc warrior (Vaults:5)
  A fire vortex (D:8)
  3 fungi
  3 plants
13 creatures vanquished.

Grand Total: 1718 creatures vanquished

Notes
Turn   | Place    | Note
-------+----------+-------------------------------------------
     0 | D:1      | mopl the Hill Orc Berserker began the quest for the Orb.
     0 | D:1      | Reached XP level 1. HP: 19/19 MP: 1/1
   181 | D:1      | Reached skill level 5 in Axes
   181 | D:1      | Reached XP level 2. HP: 5/26 MP: 2/2
   325 | D:1      | Reached XP level 3. HP: 17/31 MP: 3/3
   787 | D:2      | Reached ** piety under Trog
  1103 | D:2      | Reached skill level 6 in Axes
  1125 | D:2      | Reached XP level 4. HP: 14/39 MP: 4/4
  1782 | D:3      | Reached skill level 7 in Axes
  1903 | D:3      | Reached XP level 5. HP: 25/45 MP: 5/5
  2591 | D:4      | Reached skill level 8 in Axes
  2621 | D:4      | Found Nafedakk's Food Boutique.
  2802 | D:4      | Reached XP level 6. HP: 51/51 MP: 6/6
  2922 | D:4      | Found a staircase to the Ecumenical Temple.
  2931 | Temple   | Entered the Ecumenical Temple
  3253 | D:4      | Found a burning altar of Makhleb.
  3325 | D:4      | Reached skill level 9 in Axes
  3545 | D:4      | Found a faded altar of an unknown god.
  3545 | D:4      | Found a faded altar of an unknown god.
  3550 | D:4      | Found a faded altar of an unknown god.
  3552 | D:4      | Found a glowing golden altar of the Shining One.
  3554 | D:4      | Found a faded altar of an unknown god.
  3702 | D:5      | Entered Level 5 of the Dungeon
  3739 | D:5      | Found a shimmering altar of Xom.
  3878 | D:5      | Noticed Sigmund
  4230 | D:5      | Killed Sigmund
  4230 | D:5      | Reached skill level 10 in Axes
  4230 | D:5      | Reached XP level 7. HP: 57/57 MP: 7/7
  4388 | D:5      | Reached skill level 4 in Fighting
  4389 | D:5      | Found a shattered altar of Ashenzari.
  4576 | D:5      | Noticed Menkaure
  4583 | D:5      | Killed Menkaure
  4583 | D:5      | Reached skill level 11 in Axes
  4645 | D:5      | Reached skill level 3 in Armour
  4692 | D:6      | Reached XP level 8. HP: 54/67 MP: 8/8
  4813 | D:6      | Reached skill level 5 in Fighting
  4881 | D:6      | Reached *** piety under Trog
  5051 | D:6      | Found a snail-covered altar of Cheibriados.
  5132 | D:6      | Found a blossoming altar of Fedhas.
  5294 | D:6      | Reached skill level 4 in Armour
  5338 | D:6      | Noticed Inkary's ghost (novice MiFi)
  5384 | D:6      | Killed Inkary's ghost
  5384 | D:6      | Reached skill level 6 in Fighting
  5384 | D:6      | Reached skill level 12 in Axes
  5384 | D:6      | Reached XP level 9. HP: 59/75 MP: 9/9
  5420 | D:6      | Found a white marble altar of Elyvilon.
  5422 | D:6      | Found a runed door.
  5422 | D:6      | Noticed an angel
  5633 | D:7      | Reached skill level 5 in Armour
  6385 | D:8      | Reached skill level 13 in Axes
  6654 | D:8      | Reached skill level 7 in Fighting
  6668 | D:8      | Reached **** piety under Trog
  6676 | D:8      | Reached skill level 6 in Armour
  6944 | D:8      | Noticed Prince Ribbit
  6962 | D:8      | Reached skill level 14 in Axes
  7011 | D:8      | Got a coiled jade amulet
  7012 | D:8      | Identified the amulet "Dienycol" {Faith *Drain rC+ Int+3} (You found it on level 8 of the Dungeon)
  7177 | D:8      | Killed Prince Ribbit
  7177 | D:8      | Reached XP level 10. HP: 31/88 MP: 10/10
  7497 | D:9      | Reached skill level 8 in Fighting
  7601 | D:9      | Reached skill level 7 in Armour
  7650 | D:9      | Found a white marble altar of Elyvilon.
  7714 | D:9      | Found a stormy altar of Qazlal.
  7889 | D:9      | Reached skill level 15 in Axes
  8012 | D:9      | Noticed a hill giant
  8019 | D:9      | Killed a hill giant
  8019 | D:9      | Reached skill level 9 in Fighting
  8325 | D:9      | Reached skill level 8 in Armour
  8370 | D:10     | Entered Level 10 of the Dungeon
  8433 | D:10     | Found a staircase to the Lair.
  8532 | D:10     | Reached XP level 11. HP: 97/97 MP: 11/11
  8548 | D:10     | Reached ***** piety under Trog
  8573 | D:10     | Reached skill level 16 in Axes
  8995 | D:11     | Noticed a hill giant
  9003 | D:11     | Killed a hill giant
  9003 | D:11     | Reached skill level 10 in Fighting
  9253 | D:11     | Found a staircase to the Orcish Mines.
  9329 | D:11     | Noticed a purple ugly thing
  9351 | D:11     | Killed a purple ugly thing
  9362 | D:11     | Noticed Snorg
  9362 | D:11     | Noticed Fannar
  9380 | D:11     | Killed Snorg
  9380 | D:11     | Reached skill level 9 in Armour
  9382 | D:11     | Killed Fannar
  9382 | D:11     | Reached skill level 17 in Axes
  9441 | D:11     | Found a frozen archway.
  9501 | IceCv    | Entered an ice cave
  9840 | IceCv    | Reached skill level 1 in Throwing
  9882 | IceCv    | Reached XP level 12. HP: 101/108 MP: 12/12
  9945 | IceCv    | Reached skill level 11 in Fighting
 10083 | IceCv    | Reached skill level 10 in Armour
 10284 | IceCv    | Reached skill level 2 in Throwing
 10302 | IceCv    | Got a ripped robe
 10304 | IceCv    | Got a scorched lajatang
 10355 | IceCv    | Identified the +2 lajatang of Bile {holy, Str+2 Int+2} (You found it in an ice cave)
 10409 | D:11     | Reached skill level 18 in Axes
 10770 | D:11     | Received a gift from Trog
 11332 | Lair:1   | Entered Level 1 of the Lair of Beasts
 11923 | Lair:2   | Reached skill level 3 in Throwing
 12291 | Lair:2   | Noticed Erica
 12303 | Lair:2   | Killed Erica
 12651 | Lair:3   | Found a staircase to the Snake Pit.
 13145 | Lair:3   | Found a staircase to the Swamp.
 13510 | Lair:4   | Noticed a six-headed hydra
 13520 | Lair:4   | Killed a two-headed hydra
 13520 | Lair:4   | Reached skill level 12 in Fighting
 13520 | Lair:4   | Reached skill level 19 in Axes
 13520 | Lair:4   | Reached skill level 4 in Throwing
 13560 | Lair:4   | Reached XP level 13. HP: 114/118 MP: 13/13
 13713 | Lair:4   | Reached skill level 11 in Armour
 13741 | Lair:4   | Received a gift from Trog
 14338 | Lair:5   | Found a runed door.
 14391 | Lair:5   | Reached skill level 2 in Dodging
 14539 | Lair:5   | Identified the Reference Book on Helpful Lightness
 14545 | Lair:5   | Received a gift from Trog
 14678 | Lair:5   | Reached skill level 5 in Throwing
 15259 | Lair:6   | Entered Level 6 of the Lair of Beasts
 15277 | Lair:6   | Found a staircase to the Slime Pits.
 15361 | Lair:6   | Found a dark tunnel.
 15373 | Volcano  | Entered a volcano
 15482 | Volcano  | Noticed xeno23's ghost (journeyman DEFE)
 15498 | Volcano  | Killed xeno23's ghost
 15498 | Volcano  | Received a gift from Trog
 15498 | Volcano  | Reached skill level 3 in Dodging
 15663 | Volcano  | Found a radiant altar of Vehumet.
 15724 | Volcano  | Reached skill level 20 in Axes
 15734 | Volcano  | Noticed a fire dragon
 15745 | Volcano  | Killed a fire dragon
 15999 | Lair:6   | Reached skill level 1 in Evocations
 16021 | Lair:6   | Reached XP level 14. HP: 114/127 MP: 13/15
 16056 | Lair:6   | Received a gift from Trog
 16062 | Lair:6   | Reached skill level 13 in Fighting
 16117 | Lair:6   | Reached skill level 2 in Evocations
 16131 | Lair:6   | Noticed a dire elephant
 16147 | Lair:6   | Killed a dire elephant
 16147 | Lair:6   | Reached skill level 6 in Throwing
 16147 | Lair:6   | Reached skill level 12 in Armour
 16197 | Lair:6   | Reached skill level 4 in Dodging
 16497 | Lair:6   | Noticed Rupert
 16508 | Lair:6   | Reached skill level 3 in Evocations
 16508 | Lair:6   | Killed Rupert
 16767 | Lair:6   | Got a faintly glowing lapis lazuli ring
 16769 | Lair:6   | Identified the ring "Maunuxod" {*Drain rC++ rN+ Str+6} (You found it on level 6 of the Lair of Beasts)
 17062 | Swamp:1  | Entered Level 1 of the Swamp
 17109 | Swamp:1  | Reached skill level 5 in Dodging
 17120 | Swamp:1  | Received a gift from Trog
 17132 | Swamp:1  | Reached skill level 4 in Evocations
 17268 | Swamp:1  | Noticed Donald
 17278 | Swamp:1  | Noticed a thorn hunter
 17282 | Swamp:1  | Killed Donald
 17287 | Swamp:1  | Killed a thorn hunter
 17481 | Swamp:2  | Reached skill level 1 in Shields
 17481 | Swamp:2  | Reached XP level 15. HP: 117/137 MP: 18/18
 17491 | Swamp:2  | Reached skill level 7 in Throwing
 17670 | Swamp:2  | Received a gift from Trog
 17834 | Swamp:3  | Reached skill level 5 in Evocations
 17867 | Swamp:4  | Entered Level 4 of the Swamp
 17909 | Swamp:4  | Reached skill level 14 in Fighting
 18054 | Swamp:4  | Reached skill level 13 in Armour
 18118 | Swamp:3  | Reached skill level 6 in Dodging
 18350 | Swamp:4  | Received a gift from Trog
 18529 | Swamp:4  | Reached skill level 8 in Throwing
 18554 | Swamp:4  | Noticed the 27-headed Lernaean hydra
 18554 | Swamp:4  | Noticed Jorgrun
 18561 | Swamp:4  | Received a gift from Trog
 18568 | Swamp:4  | Killed the 23-headed Lernaean hydra
 18785 | Swamp:4  | Killed Jorgrun
 18795 | Swamp:4  | Reached skill level 7 in Dodging
 18880 | Swamp:4  | Reached XP level 16. HP: 124/147 MP: 19/19
 18886 | Swamp:4  | Reached skill level 15 in Fighting
 18916 | Swamp:4  | Got a decaying rune of Zot
 19152 | Snake:1  | Entered Level 1 of the Snake Pit
 19276 | Snake:1  | Noticed Asterion
 19832 | Snake:1  | Killed Asterion
 19853 | Snake:1  | Received a gift from Trog
 19887 | Snake:2  | Reached skill level 9 in Throwing
 19887 | Snake:2  | Reached skill level 14 in Armour
 20172 | Snake:4  | Entered Level 4 of the Snake Pit
 20729 | Snake:4  | Received a gift from Trog
 20729 | Snake:4  | Reached skill level 8 in Dodging
 20737 | Snake:4  | Reached ****** piety under Trog
 20920 | Snake:4  | Received a gift from Trog
 21043 | Snake:4  | Received a gift from Trog
 21102 | Snake:4  | Noticed a nagaraja
 21107 | Snake:4  | Killed a nagaraja
 21107 | Snake:4  | Reached skill level 16 in Fighting
 21118 | Snake:4  | Noticed Monsterracer's ghost (adept MiBe)
 21140 | Snake:4  | Killed Monsterracer's ghost
 21233 | Snake:4  | Reached skill level 10 in Throwing
 21265 | Snake:4  | Reached XP level 17. HP: 111/158 MP: 20/20
 21335 | Snake:4  | Reached skill level 15 in Armour
 21399 | Snake:4  | Reached skill level 9 in Dodging
 21763 | Snake:4  | Got a serpentine rune of Zot
 21871 | Snake:2  | Received a gift from Trog
 22087 | Orc:1    | Entered Level 1 of the Orcish Mines
 22687 | Orc:2    | Entered Level 2 of the Orcish Mines
 22708 | Orc:2    | Found a staircase to the Elven Halls.
 22826 | Orc:2    | Found a roughly hewn altar of Beogh.
 22940 | Orc:2    | Received a gift from Trog
 23002 | Orc:2    | Found Yjuon's Book Emporium.
 23002 | Orc:2    | Found Himufrasm's Magic Scroll Shoppe.
 23002 | Orc:2    | Found Zougutz's Armour Emporium.
 23023 | Orc:2    | Found Caquiclo's Gadget Shoppe.
 23036 | Orc:2    | Bought 2 scrolls of enchant weapon for 225 gold pieces
 23036 | Orc:2    | Bought 3 scrolls of enchant weapon for 337 gold pieces
 23036 | Orc:2    | Bought a scroll of enchant weapon for 112 gold pieces
 23599 | Elf:1    | Entered Level 1 of the Elven Halls
 23694 | Elf:1    | Received a gift from Trog
 24234 | Elf:1    | Reached skill level 17 in Fighting
 24234 | Elf:1    | Reached skill level 11 in Throwing
 24381 | Elf:1    | Received a gift from Trog
 24515 | Elf:3    | Entered Level 3 of the Elven Halls
 24521 | Elf:3    | Cast into level 4 of the Abyss (a deep elf sorcerer)
 24550 | Abyss:4  | Noticed a tentacled monstrosity
 24554 | Elf:3    | Escaped the Abyss
 24559 | Elf:3    | Noticed a deep elf blademaster
 24567 | Elf:3    | Reached XP level 18. HP: 169/169 MP: 21/21
 24574 | Elf:3    | Reached skill level 10 in Dodging
 24575 | Elf:3    | Killed a deep elf blademaster
 24575 | Elf:3    | Reached skill level 16 in Armour
 24860 | Elf:3    | Noticed a Hell Sentinel
 24862 | Elf:3    | Noticed a Brimstone Fiend
 24877 | Elf:3    | Noticed a deep elf blademaster
 25053 | Elf:3    | Received a gift from Trog
 25058 | Elf:3    | Killed a deep elf blademaster
 25101 | Elf:3    | Noticed a deep elf blademaster
 25379 | Elf:3    | Noticed an Ice Fiend
 25382 | Elf:3    | Killed a deep elf blademaster
 25561 | Elf:3    | Noticed a deep elf blademaster
 25578 | Elf:3    | Killed a deep elf blademaster
 25747 | Elf:3    | Found Godelyab's Assorted Antiques.
 25755 | Elf:3    | Bought a scroll of teleportation for 87 gold pieces
 25755 | Elf:3    | Bought a scroll of enchant weapon for 217 gold pieces
 25876 | Elf:3    | Found a portal to a secret trove of treasure.
 25898 | Elf:3    | Got a crystal scythe {flame}
 25899 | Elf:3    | Identified the cursed +0 scythe "Cahiess" {flame, rElec rPois Dex+2} (You took it off a deep elf annihilator on level 3 of the Elven Halls)
 26037 | Elf:3    | Reached skill level 12 in Throwing
 26069 | Elf:3    | Received a gift from Trog
 26270 | Elf:3    | Reached skill level 18 in Fighting
 26755 | D:12     | Received a gift from Trog
 26980 | D:13     | Noticed Urug
 26987 | D:13     | Killed Urug
 26987 | D:13     | Reached skill level 11 in Dodging
 27203 | D:15     | Entered Level 15 of the Dungeon
 27232 | D:15     | Found an iron altar of Okawaru.
 27275 | D:14     | Reached XP level 19. HP: 179/179 MP: 22/22
 27390 | D:14     | Received a gift from Trog
 27455 | D:14     | Noticed Frances
 27468 | D:14     | Killed Frances
 27569 | D:14     | Reached skill level 17 in Armour
 28059 | D:13     | Found a basalt altar of Yredelemnul.
 28087 | D:12     | Noticed Josephine
 28094 | D:12     | Killed Josephine
 28813 | D:14     | Found a gate to the Vaults.
 28895 | Vaults:1 | Entered Level 1 of the Vaults
 28933 | Vaults:1 | Received a gift from Trog
 29354 | Vaults:4 | Reached skill level 6 in Evocations
 29500 | Vaults:4 | Received a gift from Trog
 29631 | Vaults:4 | Got a smoking pewter ring
 29633 | Vaults:4 | Identified the ring "Zavol" {rElec Int+6 Dex-5 Stlth-} (You found it on level 4 of the Vaults)
 29718 | Vaults:4 | Gained mutation: You are agile. (Dex +2) [potion of beneficial mutation]
 29920 | Vaults:3 | Received a gift from Trog
 30015 | Vaults:4 | Received a gift from Trog
 30214 | Vaults:4 | Received a gift from Trog
 30309 | Vaults:4 | Identified a +2 pair of boots of running (You found it on level 4 of the Vaults)
 30536 | Vaults:4 | Reached skill level 7 in Evocations
 30597 | Vaults:4 | Reached skill level 13 in Throwing
 30638 | Vaults:5 | Entered Level 5 of the Vaults
 30645 | Vaults:5 | Received a gift from Trog
 30648 | Vaults:5 | Reached XP level 20. HP: 189/189 MP: 25/25
 30650 | Vaults:5 | Reached skill level 19 in Fighting
 30664 | Vaults:5 | Reached skill level 12 in Dodging
 31057 | Vaults:5 | Reached skill level 18 in Armour
 31212 | Vaults:5 | Reached skill level 8 in Evocations
 31425 | Vaults:5 | Received a gift from Trog
 31551 | Vaults:5 | Received a gift from Trog
 31621 | Vaults:5 | Got a scorched silver ring
 31622 | Vaults:5 | Identified the ring of Lojaoqub {rElec rC+ Dex+2} (You took it off a deep elf archer on level 5 of the Vaults)
 31684 | Vaults:5 | Received a gift from Trog
 31689 | Vaults:5 | Noticed a golden dragon
 31698 | Vaults:5 | Killed a golden dragon
 31800 | Vaults:5 | Reached XP level 21. HP: 200/200 MP: 27/27
 31802 | Vaults:5 | Received a gift from Trog
 31802 | Vaults:5 | Reached skill level 9 in Evocations
 31893 | Vaults:5 | Got an iridescent battleaxe {drain}
 31895 | Vaults:5 | Identified the cursed +1 battleaxe "Lemuju" {drain, MR+} (You took it off an ironbrand convoker on level 5 of the Vaults)
 32478 | Vaults:5 | Reached skill level 20 in Fighting
 32478 | Vaults:5 | Reached skill level 14 in Throwing
 32676 | Vaults:5 | Noticed an ancient lich
 32693 | Vaults:5 | Killed an ancient lich
 32693 | Vaults:5 | Received a gift from Trog
 32693 | Vaults:5 | Reached skill level 13 in Dodging
 32693 | Vaults:5 | Reached skill level 10 in Evocations
 32839 | Vaults:5 | Got a silver rune of Zot
 33122 | D:15     | Found a staircase to the Depths.
 33168 | Depths:1 | Entered Level 1 of the Depths
 33307 | Depths:1 | Reached skill level 19 in Armour
 33425 | Depths:1 | Found a gateway to Hell.
 33805 | Depths:1 | Received a gift from Trog
 33805 | Depths:1 | Reached XP level 22. HP: 198/209 MP: 29/29
 34297 | Depths:1 | Reached skill level 11 in Evocations
 34371 | Depths:1 | Received a gift from Trog
 34399 | Depths:1 | Got a slimy dire flail {speed}
 34404 | Depths:1 | Identified the cursed +2 dire flail "Ronaih" {speed, +Fly rF+ rC+ MP+9} (You took it off a centaur warrior on level 1 of the Depths)
 34537 | Depths:1 | Reached skill level 15 in Throwing
 34823 | Depths:2 | Received a gift from Trog
 34839 | Depths:2 | Found a one-way gate leading to the halls of Pandemonium.
 35005 | Depths:2 | Reached skill level 14 in Dodging
 35005 | Depths:2 | Reached XP level 23. HP: 123/215 MP: 31/31
 35132 | Depths:2 | Found a gateway to a ziggurat.
 35250 | Depths:3 | Noticed Mennas
 35280 | Depths:3 | Killed Mennas
 35309 | Depths:3 | Gained mutation: Your spells are a little harder to cast, but a little more powerful. [potion of beneficial mutation]
 35337 | Depths:3 | Reached skill level 12 in Evocations
 35363 | Depths:3 | Reached skill level 20 in Armour
 35489 | Depths:3 | Received a gift from Trog
 35552 | Depths:3 | Received a gift from Trog
 35620 | Depths:3 | Got a dazzling ring mail
 35631 | Depths:3 | Identified the cursed +0 ring mail "Jezargh" {Int+6} (You found it on level 3 of the Depths)
 35686 | Depths:4 | Reached XP level 24. HP: 170/224 MP: 32/32
 36293 | Depths:4 | Received a gift from Trog
 36343 | Depths:4 | Reached skill level 16 in Throwing
 36766 | Depths:5 | Entered Level 5 of the Depths
 36805 | Depths:4 | Reached skill level 13 in Evocations
 37618 | Depths:5 | Reached skill level 15 in Dodging
 38147 | Depths:5 | Received a gift from Trog
 38263 | Depths:5 | Found a gate to the Realm of Zot.
 38406 | Zot:1    | Entered Level 1 of the Realm of Zot
 38438 | Zot:1    | Reached skill level 14 in Evocations
 38537 | Zot:3    | Noticed an orb of fire
 38544 | Zot:3    | Gained mutation: You are occasionally teleported next to monsters. [an orb of fire]
 38545 | Zot:3    | Lost mutation: Your spells are a little harder to cast, but a little more powerful. [an orb of fire]
 38551 | Zot:3    | Killed an orb of fire
 38551 | Zot:3    | Reached XP level 25. HP: 231/231 MP: 1/33
 38606 | Zot:3    | Lost mutation: You are occasionally teleported next to monsters. [potion of cure mutation]
 38606 | Zot:3    | Lost mutation: You are agile. (Dex +2) [potion of cure mutation]
 38774 | Zot:4    | Reached skill level 17 in Throwing
 39049 | Zot:4    | Received a gift from Trog
 39185 | Zot:5    | Entered Level 5 of the Realm of Zot
 39275 | Zot:5    | Reached skill level 1 in Stealth
 39281 | Zot:5    | Noticed an ancient lich
 39289 | Zot:5    | Killed an ancient lich
 39289 | Zot:5    | Reached skill level 2 in Stealth
 39289 | Zot:5    | Reached skill level 15 in Evocations
 39370 | Zot:5    | Noticed an orb of fire
 39371 | Zot:5    | Gained mutation: You expend magic power (3 MP) to strengthen your wands. [an orb of fire]
 39376 | Zot:5    | Gained mutation: You occasionally shout uncontrollably at your foes. [an orb of fire]
 39388 | Zot:5    | Killed an orb of fire
 39388 | Zot:5    | Reached skill level 16 in Dodging
 39412 | Zot:5    | Noticed an ancient lich
 39423 | Zot:5    | Killed an ancient lich
 39423 | Zot:5    | Reached skill level 3 in Stealth
 39895 | Zot:5    | Noticed an ancient lich
 39904 | Zot:5    | Killed an ancient lich
 39904 | Zot:5    | Reached skill level 4 in Stealth
 39918 | Zot:5    | Noticed an ancient lich
 39927 | Zot:5    | Killed an ancient lich
 39935 | Zot:5    | Received a gift from Trog
 39948 | Zot:5    | Got a polished broad axe {god gift}
 39949 | Zot:5    | Identified the +11 broad axe of Trog's No More Talking {elec, rC+ Int+2} (Trog gifted it to you on level 5 of the Realm of Zot)
 40289 | Depths:2 | Reached skill level 5 in Stealth
 40840 | Zot:5    | Reached XP level 26. HP: 209/239 MP: 11/34
 41581 | Zot:5    | Reached skill level 6 in Stealth
 41705 | Zot:5    | Noticed an orb of fire
 41713 | Zot:5    | Killed an orb of fire
 41713 | Zot:5    | Reached skill level 18 in Throwing
 41713 | Zot:5    | Reached skill level 16 in Evocations
 41771 | Zot:5    | Noticed an orb of fire
 41777 | Zot:5    | Gained mutation: You are weak. (Str -2) [an orb of fire]
 41780 | Zot:5    | Killed an orb of fire
 41820 | Zot:5    | Noticed an ancient lich
 41826 | Zot:5    | Killed an ancient lich
 41848 | Zot:5    | Noticed an orb of fire
 41858 | Zot:5    | Killed an orb of fire
 42076 | Zot:5    | Noticed an orb of fire
 42096 | Zot:5    | Reached skill level 7 in Stealth
 42119 | Zot:5    | Gained mutation: Potions and wands are less effective at restoring your health. [an orb of fire]
 42121 | Zot:5    | Killed an orb of fire
 42400 | Zot:5    | Noticed an orb of fire
 42408 | Zot:5    | Gained mutation: You are frail. (-10% HP) [an orb of fire]
 42429 | Zot:5    | Gained mutation: Scrolls take you a little longer to read. [an orb of fire]
 42436 | Zot:5    | Killed from afar by an orb of fire

Skill      XL: |  1  2  3  4  5  6  7  8  9 10 11 12 13 14 15 16 17 18 19 20 21 22 23 24 25 26 |
---------------+-------------------------------------------------------------------------------+-----
Axes           | 5 6 7 8 10 11 12 14 15 17 19 20 | 20.7
Fighting       | 4 6 7 9 10 12 13 14 16 17 18 19 20 | 20.0
Armour         | 3 4 6 8 9 10 11 12 13 14 15 16 17 18 19 20 | 20.0
Throwing       | 1 4 5 6 8 10 11 12 13 14 15 16 17 18 | 18.3
Dodging        | 3 5 7 8 9 11 12 13 14 15 16 | 16.9
Evocations     | 1 4 5 7 8 10 11 12 14 15 16 | 16.5
Shields        | 1 |  1.9
Stealth        | 5 7 |  7.6

Action                   |  1- 3 |  4- 6 |  7- 9 | 10-12 | 13-15 | 16-18 | 19-21 | 22-24 | 25-27 || total
-------------------------+-------+-------+-------+-------+-------+-------+-------+-------+-------++-------
Melee: Hand axe          |    83 |   184 |   245 |       |       |       |       |       |       ||   512
       War axe           |       |       |   112 |   659 |   427 |       |       |       |       ||  1198
       Battleaxe         |       |       |       |       |   417 |  1125 |   990 |   502 |       ||  3034
       Broad axe         |       |       |       |       |    29 |       |       |       |       ||    29
       Executioner's axe |       |       |       |       |       |    19 |    16 |   405 |   566 ||  1006
Throw: Javelin           |       |       |     1 |     7 |       |     7 |    13 |     7 |    10 ||    45
Invok: Berserk           |     3 |     6 |     9 |    20 |    17 |    16 |     8 |     5 |    11 ||    95
       Trog's Hand       |       |     2 |     3 |     2 |     6 |    10 |    15 |    11 |    11 ||    60
       Burn Spellbooks   |       |       |       |     2 |     4 |     3 |     4 |     2 |       ||    15
       Brothers in Arms  |       |       |       |     2 |     5 |     1 |     1 |       |     2 ||    11
 Abil: Evoke Flight      |       |       |       |       |     1 |     1 |     1 |     1 |       ||     4
Evoke: Wand              |       |       |       |     2 |     2 |    11 |     5 |     3 |     5 ||    28
  Use: Scroll            |       |       |       |    29 |    15 |    22 |    13 |    10 |     3 ||    92
       Potion            |       |       |       |       |     2 |       |     1 |     2 |     3 ||     8
 Stab: Sleeping          |       |       |       |    10 |       |       |       |       |       ||    10
       Distracted        |       |       |       |     1 |       |       |       |       |     2 ||     3
       Paralysed         |       |       |       |       |     2 |     1 |       |       |       ||     3
  Eat: Chunk             |     3 |    13 |    14 |    33 |    20 |    12 |    14 |     4 |     1 ||   114
       Fruit             |       |     1 |       |     2 |    12 |       |       |       |       ||    15
       Royal jelly       |       |     1 |       |     1 |     1 |       |       |       |       ||     3
       Beef jerky        |       |       |     3 |       |     1 |     1 |     2 |       |       ||     7
       Bread ration      |       |       |       |     2 |       |       |     1 |     2 |     3 ||     8
       Pizza             |       |       |       |       |     1 |     1 |     1 |       |       ||     3
       Meat ration       |       |       |       |       |     1 |     6 |     3 |     4 |     2 ||    16
Armor: Ring mail         |     9 |    84 |    83 |   124 |       |       |       |       |       ||   300
       Animal skin       |     6 |       |       |       |       |       |       |       |       ||     6
       Gold dragon scale |       |       |       |   148 |   799 |   687 |   595 |   575 |   433 ||  3237
       Plate armour      |       |       |       |    10 |       |       |       |       |       ||    10
Dodge: Dodged            |    42 |   106 |   166 |   178 |   263 |   407 |   462 |   520 |   403 ||  2547
